AoeStats
← Oldspice

Hideout

503300869Analyzed
4v4 RM · 1mo ago on Aug 31, 2026· 13m 31s· 8 players
Game mode
Random Map
Map size
Large (8 player)
Population
200
Speed
Normal
Resources
Standard
Victory
Conquest
Starting age
Dark Age
Ending age
Imperial Age
RankedLock teamsTeams togetherTeam positionsShared explorationLock speedFull tech treeHidden civsTurbo modeCheats
Victory
Defeat
🇵🇹 Britons · Portugal
1654
+9
🇺🇸 Hindustanis · United States
1550
+13
🇲🇽 Lithuanians · Mexico
1513
+15
🇺🇸 Celts · United States
1493
+16
🇧🇷 Maya · Brazil
1558
-16
🇨🇴 Persians · Colombia
1555
-16
🇳🇿 Britons · New Zealand
1446
-11
🇦🇷 Portuguese · Argentina
1423
-10
PaRappa56
10:37 Feudal Age
11:35 Town Watch
14:12 Castle Age
13:20 Double-Bit Axe
13:28 Gold Mining
UxCima
9:14 Feudal Age
9:46 Double-Bit Axe
15:54 Castle Age
Kold
10:59 Feudal Age
14:35 Castle Age
12:49 Double-Bit Axe
12:52 Horse Collar
Oldspice
10:26 Feudal Age
HIX | COLPO DI CANNONE
9:30 Feudal Age
HateLamer
HIX | Mark Anthony
Not Ben
9:36 Feudal Age
Connection lost

Rejoining the realm…

Still unreachable

The connection could not be restored.

Session expired

The server has moved on; the page needs a fresh start.